 Dungeon Crawl Stone Soup version 0.27-a0-419-g7a85846853 (webtiles) character file.

Game seed: 10587453184900593334

135711 Chiseanne the Warrior (level 16, -2/139 HPs)
             Began as a Demonspawn Wanderer on Feb 25, 2021.
             Was an Initiate of Gozag.
             Shot with an arrow by Vashnia (20 damage)
             ... on level 3 of the Snake Pit on Feb 26, 2021.
             The game lasted 01:06:43 (34090 turns).

Chiseanne the Warrior (Demonspawn Wanderer)        Turns: 34090, Time: 01:06:44

Health: -2/139     AC: 27    Str: 21    XL:     16   Next: 65%
Magic:  16/16      EV: 28    Int: 18    God:    Gozag
Gold:   1109       SH: 25    Dex: 22    Spells: 15/15 levels left

rFire    + . .     SeeInvis +   a - +10 lance "Wyrmbane" {slay drac, rPois rF+ rC+ AC+3}
rCold    + + +     Faith    .   t - +0 tower shield
rNeg     + + +     Spirit   .   p - +7 ring mail "Ruapna" {rC+++ Str+3}
rPois    +         Reflect  +   d - +2 helmet {Int+3}
rElec    .         Harm     .   D - +1 cloak {Will+}
rCorr    .         Rampage  .   k - +0 pair of fencer's gloves {Riposte Dex+3}
Will     ++...                  (boots unavailable)
Stlth    +.........             J - amulet "Kul Ezih" {Reflect Fragile rN+ Str+6 SH+5}
HPRegen  0.33/turn              L - ring of see invisible
MPRegen  0.15/turn              F - ring of positive energy

@: mighty, agile, gold aura
A: hooves 3, icy blue scales 2, foul stench 2, negative energy resistance 1,
powered by pain 2, 50% torment resistance
a: Renounce Religion, Potion Petition, Call Merchant, Bribe Branch


You were on level 3 of the Snake Pit.
You worshipped Gozag.
Gozag was most pleased with you.
You visited 4 branches of the dungeon, and saw 26 of its levels.
You visited the Abyss 1 time.
You also visited: Bailey.

You collected 9706 gold pieces.
You spent 3668 gold pieces at shops.
You paid 4929 gold pieces to Gozag.

Inventory:

Hand Weapons
 a - the +10 lance "Wyrmbane" (weapon) {slay drac, rPois rF+ rC+ AC+3}
   (You took it off Maggie on level 7 of the Dungeon)

   It affects your AC (+3).
   It protects you from fire.
   It protects you from cold.
   It protects you from poison.
 s - the +7 falchion "Xicsuerch" {elec, rElec rN+ Str+3}
   (You bought it in a shop on level 2 of the Orcish Mines)

   Occasionally, upon striking a foe, it can discharge electrical energy and
   cause terrible harm.
   It affects your strength (+3).
   It insulates you from electricity.
   It protects you from negative energy.
Missiles
 c - 34 boomerangs
 r - 9 curare-tipped darts (quivered)
 z - 3 throwing nets
 H - 9 javelins
 K - 9 boomerangs of dispersal
Armour
 d - a +2 helmet of intelligence (worn)
 k - the +0 pair of fencer's gloves (worn) {Riposte Dex+3}
   (You found it on level 11 of the Dungeon)

   It affects your dexterity (+3).
 p - the +7 ring mail "Ruapna" (worn) {rC+++ Str+3}
   (You found it on level 8 of the Dungeon)

   It affects your strength (+3).
   It renders you almost immune to cold.
 t - a +0 tower shield (worn)
 D - a +1 cloak of willpower (worn)
Jewellery
 F - a ring of positive energy (right hand)
 J - the amulet "Kul Ezih" (around neck) {Reflect Fragile rN+ Str+6 SH+5}
   (You found it on level 10 of the Dungeon)

   [amulet of reflection]

   It shields you and reflects attacks.
   It affects your strength (+6).
   It protects you from negative energy.
   It will be destroyed if unequipped.
   It affects your SH (+5).
 L - a ring of see invisible (left hand)
 T - a ring of poison resistance
Wands
 e - a wand of flame (19)
 w - a wand of digging (7)
 y - a wand of paralysis (11)
 Q - a wand of mindburst (4)
Scrolls
 b - 19 scrolls of identify
 f - 3 scrolls of fog
 g - 7 scrolls of magic mapping
 l - 2 scrolls of fear
 n - a scroll of silence
 o - 6 scrolls of blinking
 u - 19 scrolls of teleportation
 A - a scroll of enchant weapon
 G - 3 scrolls of immolation
Potions
 h - a potion of resistance
 i - 3 potions of ambrosia
 j - a potion of berserk rage
 m - 6 potions of flight
 x - 6 potions of curing
 S - a potion of cancellation
 V - a potion of might
Miscellaneous
 q - a phantom mirror
 R - a lightning rod (4/4)


   Skills:
 * Level 16.5 Fighting
 - Level 1.0 Short Blades
 - Level 1.0 Polearms
 - Level 1.0 Throwing
 * Level 10.9 Armour
 * Level 15.2 Dodging
 - Level 1.0 Stealth
 * Level 13.6 Shields
 - Level 1.0 Evocations


You had 15 spell levels left.
You didn't know any spells.
Your spell library contained the following spells:

 Spells                   Type           Power        Failure   Level
 Beastly Appendage        Tmut           0%           80%         1
 Corona                   Hex            0%           80%         1
 Freeze                   Ice            0%           80%         1
 Magic Dart               Conj           0%           80%         1
 Sandblast                Erth           0%           80%         1
 Summon Small Mammal      Summ           0%           80%         1
 Call Imp                 Summ           0%           91%         2
 Passwall                 Tmut/Erth      0%           91%         2
 Searing Ray              Conj           0%           91%         2
 Slow                     Hex            0%           91%         2
 Wereblood                Tmut           0%           91%         2
 Call Canine Familiar     Summ           0%           99%         3
 Dazzling Flash           Conj/Hex       0%           99%         3
 Frozen Ramparts          Ice            0%           99%         3
 Inner Flame              Hex/Fire       0%           99%         3
 Ozocubu's Armour         Ice            0%           99%         3
 Portal Projectile        Hex/Tloc       0%           99%         3
 Spider Form              Tmut/Pois      0%           99%         3
 Stone Arrow              Conj/Erth      0%           99%         3
 Summon Guardian Golem    Hex/Summ       0%           99%         3
 Cause Fear               Hex            0%           100%        4
 Fulminant Prism          Conj/Hex       0%           100%        4
 Hailstorm                Conj/Ice       0%           100%        4
 Ice Form                 Ice/Tmut       0%           100%        4
 Iskenderun's Mystic Bla  Conj/Tloc      0%           100%        4
 Leda's Liquefaction      Hex/Erth       0%           100%        4
 Petrify                  Tmut/Erth      0%           100%        4
 Summon Ice Beast         Ice/Summ       0%           100%        4
 Summon Lightning Spire   Summ/Air       0%           100%        4
 Blade Hands              Tmut           0%           100%        5
 Lee's Rapid Deconstruct  Erth           0%           100%        5
 Silence                  Hex/Air        0%           100%        5
 Yara's Violent Unravell  Hex/Tmut       0%           100%        5
 Discord                  Hex            0%           100%        8


Dungeon Overview and Level Annotations

Branches:
Dungeon (15/15)            Temple (0/1) D:6            Lair (6/6) D:11
 Shoals (0/4) Lair:2        Snake (2/4) Lair:4        Slime (0/5) Lair:6
    Orc (2/2) D:9             Elf (0/3) Orc:2        Vaults (0/5) D:14
 Depths (0/5) D:15         Bailey (visited)

Altars:
Ashenzari
Fedhas
Gozag
Hepliaklqana
Makhleb
Qazlal
Ru
Trog
Yredelemnul
Zin
The Shining One
Beogh

Shops:
D:9 ([   D:11 ?   D:15 *[=[=[   Orc:2 (*?*[:   Snake:1 !(*

Annotations:
D:15 2 transporters, Munteil's ghost, journeyman DgFi
Lair:5 exclusion: oklob plant
Snake:3 Vashnia


Innate Abilities, Weirdness & Mutations

You have hooves in place of feet.
You are mostly covered in icy blue scales. (AC +3)
You sometimes emit foul miasma when damaged in melee.
You resist negative energy. (rN+)
You sometimes gain power by taking damage.
You are somewhat able to resist unholy torments (1 in 2 success).


Message History

* * * LOW HITPOINT WARNING * * *
The naga sharpshooter shoots an arrow.
You reflect the arrow off an invisible shield around you!
The arrow hits the naga sharpshooter!
Vashnia shouts!
You closely miss the naga sharpshooter. Your kick misses the naga sharpshooter.
The naga sharpshooter is almost dead.
The naga sharpshooter spits poison at you.
The splash of poison misses you.
The naga sharpshooter casts a spell.
The naga sharpshooter magically shoots an arrow.
You reflect the arrow off an invisible shield around you!
The naga sharpshooter becomes distracted by the nearby gold, dreaming of imaginary riches.
The naga sharpshooter shouts!
You puncture the naga sharpshooter!
You kill the naga sharpshooter!
The naga sharpshooter casts a spell.
The naga sharpshooter magically shoots an arrow.
You reflect the arrow off an invisible shield around you!
The naga sharpshooter becomes distracted by the nearby gold, dreaming of imaginary riches.
The naga sharpshooter shouts!
You hit Vashnia.
Vashnia is no longer distracted by gold.
Your kick misses Vashnia.
Vashnia is moderately wounded.
The naga sharpshooter spits poison at you.
The splash of poison reflects off an invisible shield around you!
The splash of poison hits the naga sharpshooter.
Vashnia shoots an arrow.
The arrow hits you!!
* * * LOW HITPOINT WARNING * * *
You focus on the pain.
You feel agile all of a sudden.
The naga sharpshooter shoots an arrow.
You reflect the arrow off an invisible shield around you!
The arrow hits the naga sharpshooter!
You feel very mighty all of a sudden.
The naga sharpshooter is no longer distracted by gold.
Vashnia shoots an arrow.
The arrow hits you!!
You die...
Your body crumbles into a pile of gold.

.#.......##
###.........#
##...........##
#.............# ####
#.............# ##....
#.......!.....# ##.#
#......N......####)##
#....$N.......##)#.####
#N....@.......#)#.)...#
#.......................
...#........$...........
.. ##.#####.............
... #.$#........... ....
.....#...........
.........##...........
.......... ##..........
...... #..........


You could see Vashnia and 2 naga sharpshooters.

Vanquished Creatures
  Rupert (Lair:4)
  2 tentacled starspawn (Abyss:2)
  Kirke (D:14)
  A fenstrider witch (Lair:6)
  An orc warlord (Orc:1)
  Louise (Snake:1)
  A bunyip (Lair:6)
  Snorg (Lair:3)
  A yaktaur captain (D:15)
  4 ogre magi
  2 quicksilver dragon skeletons (Abyss:2)
  A naga warrior (Snake:2)
  A merfolk avatar (Lair:6)
  A boulder beetle (Lair:4)
  6 hydras
  2 anacondas
  A tengu warrior (D:15)
  4 centaur warriors (D:15)
  18 two-headed ogres
  4 death yaks (Lair:6)
  An orc high priest (Orc:1)
  Urug (Lair:4)
  Nergalle (Lair:4)
  5 shock serpents
  A soul eater (Abyss:2)
  A wretched star (Abyss:2)
  4 naga sharpshooters
  A sixfirhy (Abyss:2)
  A sea snake (Lair:6)
  A salamander mystic (Snake:2)
  An unseen horror (D:15)
  2 deep trolls (Orc:2)
  2 naga ritualists
  A shadow demon (Abyss:2)
  A necromancer (Abyss:2)
  A harpy (Lair:6)
  An orb spider (shapeshifter) (D:15)
  2 orc knights (Orc:1)
  A deep elf pyromancer (D:13)
  3 orc sorcerers
  A wolf spider zombie (D:15)
  A mana viper (Snake:3)
  13 ugly things
  2 manticores (D:15)
  8 salamanders
  A worldbinder (Abyss:2)
  6 cyclopes
  Joseph (Lair:1)
  18 black mambas
  2 centaur zombies
  7 elephants
  6 naga magi
  A torpor snail (Lair:2)
  A torpor snail (shapeshifter) (D:15)
  2 apocalypse crabs (Abyss:2)
  A gargoyle (D:13)
  A stone giant skeleton (Abyss:2)
  A smoke demon (Abyss:2)
  An eye of devastation (shapeshifter) (D:14)
  2 guardian serpents
  18 cane toads
  8 centaur skeletons
  Maggie (D:7)
  A komodo dragon (shapeshifter) (D:13)
  A dire elephant skeleton (Abyss:2)
  A hellion (Abyss:2)
  A kobold demonologist (D:11)
  A yaktaur (D:15)
  5 rime drakes
  Psyche (D:11)
  6 komodo dragons
  A freezing wraith (D:15)
  An ancient zyme (Abyss:2)
  4 meliai
  13 trolls
  3 wind drakes (Lair:6)
  6 polar bears
  4 hornets
  30 blink frogs
  2 dream sheep (Lair:2)
  44 yaks
  A vampire (D:13)
  A large abomination (Abyss:2)
  2 ynoxinuls (Abyss:2)
  A centaur simulacrum (D:15)
  5 wyverns
  A wraith (D:12)
  2 basilisks (D:15)
  A golden eye (Lair:4)
  4 hogs (D:14)
  A chaos spawn (Abyss:2)
  A soldier ant (shapeshifter) (D:14)
  5 small abominations (Abyss:2)
  4 wargs
  16 nagas
  Duvessa (D:4)
  A cane toad zombie (Abyss:2)
  18 water moccasins
  5 sky beasts
  2 eyes of draining (D:11)
  28 orc warriors
  4 ice beasts
  3 black bears (D:12)
  A hornet zombie (D:15)
  27 ogres
  A necrophage (D:12)
  6 wolves
  15 centaurs
  3 phantoms
  A kobold brigand (D:10)
  21 bullfrogs
  Blork the orc (D:4)
  A wyvern zombie (D:9)
  2 gnoll sergeants
  Dowan (D:4)
  A scorpion (D:7)
  A ballistomycete (Lair:4)
  A water moccasin skeleton (D:7)
  18 wights
  An electric eel (Lair:2)
  A howler monkey (D:8)
  2 bullfrog zombies
  A quasit (D:12)
  7 jellies
  14 orc priests
  4 bullfrog skeletons
  5 hounds
  An iron imp (Abyss:2)
  14 orc wizards
  An iguana (D:10)
  4 hell rats (Lair:4)
  10 worker ants
  A hound skeleton (D:8)
  A howler monkey zombie (D:11)
  A worker ant zombie (D:7)
  Robin (D:2)
  15 gnolls
  16 adders
  4 shadow imps
  3 white imps
  An ufetubus (D:10)
  An ooze (D:4)
  3 adder skeletons
  4 worms
  A dart slug (D:4)
  4 leopard geckos
  58 orcs
  6 bats
  5 giant cockroaches
  25 goblins
  14 hobgoblins
  6 jackals
  7 quokkas
  2 ball pythons
  6 frilled lizards
  2 jackal skeletons (D:5)
  10 kobolds
  2 leopard gecko skeletons
  9 rats
  A starspawn tentacle (Abyss:2)
796 creatures vanquished.

Vanquished Creatures (collateral kills)
  A naga mage (Snake:1)
1 creature vanquished.

Vanquished Creatures (others)
  2 dancing weapons (D:14)
  A naga (Snake:1)
  A goblin (D:7)
  A ballistomycete spore (Lair:4)
  A bush (Lair:4)
  25 fungi
  52 plants
  7 starspawn tentacles (Abyss:2)
  4 toadstools (D:9)
94 creatures vanquished.

Grand Total: 891 creatures vanquished

Notes
Turn   | Place    | Note
-------+----------+-------------------------------------------
     0 | D:1      | Chiseanne the Demonspawn Wanderer began the quest for the
                  | Orb.
     0 | D:1      | Chiseanne set off with the following items: a +2 spear, 2
                  | potions of lignification, a +0 robe
     0 | D:1      | Reached XP level 1. HP: 18/18 MP: 1/1
   392 | D:1      | Gained mutation: You are partially covered in icy blue
                  | scales. (AC +2) [demonic ancestry]
   392 | D:1      | Reached XP level 2. HP: 24/24 MP: 2/2
  1293 | D:2      | Gained mutation: You may rarely emit foul miasma when
                  | damaged in melee. [demonic ancestry]
  1293 | D:2      | Reached XP level 3. HP: 29/29 MP: 3/3
  1583 | D:2      | Noticed Robin
  1596 | D:2      | Reached skill level 1 in Armour
  1615 | D:2      | Killed Robin
  1616 | D:2      | Gained mutation: You have large cloven feet. [demonic
                  | ancestry]
  1616 | D:2      | Reached XP level 4. HP: 12/37 MP: 4/4
  1879 | D:2      | Found a stormy altar of Qazlal.
  2092 | D:3      | Reached skill level 4 in Fighting
  2286 | D:3      | Gained mutation: You are mostly covered in icy blue scales.
                  | (AC +3) [demonic ancestry]
  2286 | D:3      | Reached XP level 5. HP: 25/42 MP: 5/5
  3368 | D:4      | Gained mutation: You sometimes gain a little power by
                  | taking damage. [demonic ancestry]
  3368 | D:4      | Reached XP level 6. HP: 41/49 MP: 6/6
  3525 | D:4      | Noticed Blork the orc
  3543 | D:4      | Killed Blork the orc
  3544 | D:4      | Reached skill level 5 in Fighting
  3936 | D:4      | Noticed Duvessa
  3936 | D:4      | Noticed Dowan
  3958 | D:4      | Killed Duvessa
  3959 | D:4      | Gained mutation: You resist negative energy. (rN+) [demonic
                  | ancestry]
  3959 | D:4      | Reached XP level 7. HP: 50/56 MP: 7/7
  3962 | D:4      | Killed Dowan
  4187 | D:4      | Found a basalt altar of Yredelemnul.
  4188 | D:4      | Found a broken altar of Ashenzari.
  4188 | D:4      | Found a bloodstained altar of Trog.
  4188 | D:4      | Found a glowing golden altar of the Shining One.
  4189 | D:4      | Found a sacrificial altar of Ru.
  4190 | D:4      | Found a hazy altar of Hepliaklqana.
  4191 | D:4      | Found an opulent altar of Gozag.
  4193 | D:4      | Found a glowing silver altar of Zin.
  4196 | D:4      | Became a worshipper of Gozag Ym Sagoz the Greedy
  4221 | D:5      | Entered Level 5 of the Dungeon
  5114 | D:5      | Reached skill level 5 in Dodging
  5120 | D:5      | Reached skill level 6 in Fighting
  5406 | D:6      | Found a staircase to the Ecumenical Temple.
  6239 | D:7      | Found a flagged portal.
  6246 | D:7      | Noticed Maggie
  6264 | D:7      | Reached XP level 8. HP: 55/64 MP: 8/8
  6276 | D:7      | Killed Maggie
  6277 | D:7      | Reached skill level 5 in Armour
  6407 | Bailey   | Entered a bailey
  6924 | Bailey   | Noticed an orc knight
  6967 | Bailey   | Reached skill level 7 in Fighting
  7583 | D:7      | Reached XP level 9. HP: 72/72 MP: 9/9
  8107 | D:8      | Reached skill level 8 in Fighting
  8271 | D:8      | Identified a warped ring mail
  9501 | D:9      | Noticed a two-headed ogre
  9509 | D:9      | Killed a two-headed ogre
  9510 | D:9      | Reached skill level 9 in Fighting
  9796 | D:9      | Found Hopuxox's Armour Emporium.
  9797 | D:9      | Found a staircase to the Orcish Mines.
  9798 | D:9      | Found Xifad's Weapon Emporium.
  9825 | D:9      | Reached XP level 10. HP: 51/83 MP: 10/10
 10335 | D:10     | Entered Level 10 of the Dungeon
 10497 | D:10     | Identified a steaming platinum amulet
 11631 | D:11     | Found Zuifux's Magic Scroll Shop.
 11717 | D:11     | Found a staircase to the Lair.
 11722 | D:11     | Bought a scroll of noise for 13 gold pieces
 11722 | D:11     | Bought a scroll of teleportation for 39 gold pieces
 11722 | D:11     | Bought a scroll of enchant armour for 97 gold pieces
 11722 | D:11     | Bought a scroll of teleportation for 39 gold pieces
 11722 | D:11     | Bought a scroll of immolation for 45 gold pieces
 11722 | D:11     | Bought a scroll of blinking for 97 gold pieces
 11820 | D:11     | Noticed a cyan ugly thing
 11835 | D:11     | Killed a cyan ugly thing
 11836 | D:11     | Reached skill level 10 in Fighting
 12115 | D:11     | Reached skill level 5 in Shields
 12232 | D:11     | Gained mutation: You have hoof-like feet. [demonic
                  | ancestry]
 12232 | D:11     | Reached XP level 11. HP: 24/89 MP: 11/11
 12625 | D:11     | Found the +0 pair of fencer's gloves {Riposte Dex+3}
 13086 | D:11     | Noticed a purple ugly thing
 13088 | D:11     | Noticed Psyche
 13107 | D:11     | Killed a purple ugly thing
 13115 | D:11     | Killed Psyche
 13537 | D:12     | Noticed a brown ugly thing
 13557 | D:12     | Killed a brown ugly thing
 13754 | D:12     | Noticed a green ugly thing
 13777 | D:12     | Killed a green ugly thing
 13778 | D:12     | Reached skill level 11 in Fighting
 13877 | D:12     | Reached skill level 10 in Dodging
 14518 | D:13     | Noticed a red ugly thing
 14520 | D:13     | Noticed a deep elf pyromancer
 14531 | D:13     | Killed a red ugly thing
 14536 | D:13     | Killed a deep elf pyromancer
 14869 | D:13     | Noticed a two-headed ogre
 14881 | D:13     | Killed a two-headed ogre
 15775 | D:14     | Noticed a +3 long sword
 15790 | D:14     | Killed a +3 long sword
 15791 | D:14     | Gained mutation: You are somewhat able to resist unholy
                  | torments (1 in 2 success). [demonic ancestry]
 15791 | D:14     | Reached XP level 12. HP: 89/102 MP: 12/12
 15794 | D:14     | Found a gate to the Vaults.
 15935 | D:14     | Reached skill level 12 in Fighting
 16370 | D:14     | Noticed a four-headed hydra
 16378 | D:14     | Killed a four-headed hydra
 16546 | D:14     | Noticed a two-headed ogre
 16560 | D:14     | Killed a two-headed ogre
 17034 | D:14     | Noticed Kirke
 17056 | D:14     | Killed Kirke
 17221 | D:15     | Entered Level 15 of the Dungeon
 17335 | D:15     | Noticed a two-headed ogre
 17335 | D:15     | Noticed Munteil's ghost (journeyman DgFi)
 17335 | D:15     | Noticed a two-headed ogre
 17335 | D:15     | Noticed a two-headed ogre
 17336 | D:15     | Found a transporter.
 17336 | D:15     | Found a transporter.
 17336 | D:15     | Noticed a two-headed ogre
 17339 | D:15     | Noticed a two-headed ogre
 17339 | D:15     | Identified the +10 great mace "Nemots" {flame, rN++ Str+3
                  | Dex-3}
 17339 | D:15     | Noticed a fire giant
 17665 | D:15     | Noticed a tengu warrior
 17670 | D:15     | Killed a tengu warrior
 17671 | D:15     | Noticed a two-headed ogre
 17675 | D:15     | Noticed an ogre mage
 17680 | D:15     | Noticed a two-headed ogre
 17680 | D:15     | Noticed a two-headed ogre
 17681 | D:15     | Noticed a two-headed ogre
 17683 | D:15     | Killed an ogre mage
 17684 | D:15     | Noticed a two-headed ogre
 17692 | D:15     | Killed a two-headed ogre
 17693 | D:15     | Reached skill level 13 in Fighting
 17698 | D:15     | Killed a two-headed ogre
 17702 | D:15     | Killed a two-headed ogre
 17703 | D:15     | Gained mutation: You have hooves in place of feet. [demonic
                  | ancestry]
 17703 | D:15     | Reached XP level 13. HP: 44/111 MP: 13/13
 18175 | D:15     | Noticed Nessos
 18177 | D:15     | Noticed Nessos
 18177 | D:15     | Nessos changed into Nessos the manticore
 18182 | D:15     | Killed Nessos the manticore
 18256 | D:15     | Found Vuch's Assorted Antiques.
 18266 | D:15     | Bought a brightly glowing scale mail for 288 gold pieces
 18266 | D:15     | Identified the +4 scale mail "Epupt" {rN+ Str-3 Dex+2} (You
                  | bought it in a shop on level 15 of the Dungeon)
 18266 | D:15     | Bought a scroll of teleportation for 96 gold pieces
 18313 | D:15     | Reached skill level 10 in Shields
 18758 | D:15     | Found a staircase to the Depths.
 19147 | Orc:1    | Entered Level 1 of the Orcish Mines
 19422 | Orc:1    | Noticed an orc warlord
 19495 | Orc:1    | Reached skill level 14 in Fighting
 19496 | Orc:1    | Killed an orc warlord
 20435 | Orc:1    | Found a roughly hewn altar of Beogh.
 20993 | Orc:2    | Entered Level 2 of the Orcish Mines
 21054 | Orc:2    | Reached XP level 14. HP: 116/120 MP: 14/14
 21074 | Orc:2    | Found a staircase to the Elven Halls.
 21081 | Orc:2    | Found Cydim's Antique Armour Shoppe.
 21104 | Orc:2    | Found Doteots's Book Shop.
 22230 | Orc:2    | Found Yqeresist's General Store.
 22237 | Orc:2    | Found Sygyhiosat's Assorted Antiques.
 22402 | Orc:2    | Found Gaininat's Weapon Boutique.
 22404 | Orc:2    | Bought a +2 helmet of intelligence for 215 gold pieces
 22420 | Orc:2    | Bought a notched brass ring for 155 gold pieces
 22420 | Orc:2    | Bought a scroll labelled RUNAGR BIXIKA for 31 gold pieces
 22420 | Orc:2    | Bought a scroll labelled DACIAZ UPESM for 31 gold pieces
 22420 | Orc:2    | Bought a potion of haste for 310 gold pieces
 22420 | Orc:2    | Bought a potion of curing for 93 gold pieces
 22420 | Orc:2    | Bought a potion of curing for 93 gold pieces
 22447 | Orc:2    | Found Viut Zusch's Magic Scroll Shoppe.
 22455 | Orc:2    | Bought a scroll of teleportation for 45 gold pieces
 22455 | Orc:2    | Bought a scroll of teleportation for 45 gold pieces
 22455 | Orc:2    | Bought a scroll of magic mapping for 52 gold pieces
 22455 | Orc:2    | Bought a scroll of teleportation for 45 gold pieces
 22455 | Orc:2    | Bought a scroll of blinking for 112 gold pieces
 22455 | Orc:2    | Bought a scroll of magic mapping for 52 gold pieces
 22455 | Orc:2    | Bought a scroll of fear for 52 gold pieces
 22455 | Orc:2    | Bought a scroll of fog for 30 gold pieces
 22455 | Orc:2    | Bought a scroll of silence for 112 gold pieces
 22668 | Orc:2    | Found a burning altar of Makhleb.
 22764 | Orc:2    | Bought a spiked scale mail for 279 gold pieces
 22764 | Orc:2    | Identified the +1 scale mail of the Circus Animal {Rampage
                  | rElec Str+4} (You bought it in a shop on level 2 of the
                  | Orcish Mines)
 22766 | Orc:2    | Bought a faintly glowing falchion for 248 gold pieces
 22766 | Orc:2    | Identified the +7 falchion "Xicsuerch" {elec, rElec rN+
                  | Str+3} (You bought it in a shop on level 2 of the Orcish
                  | Mines)
 22881 | Lair:1   | Entered Level 1 of the Lair of Beasts
 23224 | Lair:1   | Noticed Joseph
 23234 | Lair:1   | Killed Joseph
 24405 | Lair:2   | Found a staircase to the Shoals.
 24829 | Lair:3   | Noticed Snorg
 24845 | Lair:3   | Killed Snorg
 24846 | Lair:3   | Reached skill level 15 in Fighting
 25679 | Lair:3   | Gained mutation: You sometimes gain power by taking damage.
                  | [demonic ancestry]
 25679 | Lair:3   | Reached XP level 15. HP: 126/129 MP: 15/15
 25952 | Lair:4   | Noticed Nergalle
 25955 | Lair:4   | Noticed Urug
 25980 | Lair:4   | Killed Nergalle
 26003 | Lair:4   | Killed Urug
 26444 | Lair:4   | Noticed Rupert
 26457 | Lair:4   | Killed Rupert
 26501 | Lair:4   | Found a staircase to the Snake Pit.
 26589 | Lair:4   | Noticed Sonja
 26590 | Lair:4   | Noticed Sonja
 26590 | Lair:4   | Sonja changed into Sonja the golden eye
 26600 | Lair:4   | Killed Sonja the golden eye
 27640 | Lair:5   | Found a blossoming altar of Fedhas.
 28282 | Lair:6   | Entered Level 6 of the Lair of Beasts
 29217 | Lair:6   | Noticed a fenstrider witch
 29217 | Lair:6   | a boulder beetle changed into a fenstrider witch
 29225 | Lair:6   | Paralysed by a fenstrider witch for 6 turns
 29231 | Lair:6   | Killed a fenstrider witch
 29618 | Lair:6   | Found a staircase to the Slime Pits.
 29664 | Lair:6   | Identified a fading chain mail
 30686 | D:15     | Bought an ancient scale mail for 333 gold pieces
 30686 | D:15     | Identified the +4 scale mail of Galeo {Str+6} (You bought
                  | it in a shop on level 15 of the Dungeon)
 30686 | D:15     | Bought a pair of pitted gloves for 351 gold pieces
 30686 | D:15     | Identified the +0 pair of gloves of the Harp {Str+5} (You
                  | bought it in a shop on level 15 of the Dungeon)
 30762 | D:15     | Upgraded the game from 0.27-a0-416-gca2cecf3c0 to
                  | 0.27-a0-419-g7a85846853
 30982 | Snake:1  | Entered Level 1 of the Snake Pit
 30986 | Snake:1  | Found Gaxerhav's Distillery.
 31007 | Snake:1  | Reached skill level 10 in Armour
 31113 | Snake:1  | Found Haluir's Antique Weapon Shoppe.
 31115 | Snake:1  | Found Jiofacvaomi's General Store.
 31128 | Snake:1  | Bought a potion of resistance for 180 gold pieces
 31128 | Snake:1  | Bought a potion of berserk rage for 90 gold pieces
 31384 | Snake:1  | Noticed Louise
 31420 | Snake:1  | Cast into level 2 of the Abyss (Louise)
 31437 | Abyss:2  | Found a corrupted altar of Lugonu.
 31665 | Abyss:2  | Found a corrupted altar of Lugonu.
 31697 | Abyss:2  | Gained mutation: You sometimes emit foul miasma when
                  | damaged in melee. [demonic ancestry]
 31697 | Abyss:2  | Reached XP level 16. HP: 138/138 MP: 16/16
 31724 | Abyss:2  | Noticed a tentacled starspawn
 31736 | Abyss:2  | Killed a tentacled starspawn
 31746 | Abyss:2  | Reached skill level 16 in Fighting
 31913 | Abyss:2  | Noticed a tentacled starspawn
 31935 | Abyss:2  | Killed a tentacled starspawn
 31943 | Snake:1  | Escaped the Abyss
 31966 | Snake:1  | HP: 4/138 [black mamba (6)]
 32586 | Snake:1  | Killed Louise
 32987 | Snake:2  | Reached skill level 15 in Dodging
 33877 | Snake:2  | You fall into a shaft and drop 1 floor!
 34076 | Snake:3  | Noticed Vashnia
 34090 | Snake:3  | Shot with an arrow by Vashnia

Illustrated notes

Levels and vault maps discovered:
D:1:      lightli_arrival_farm, layout_basic, serial_forest,
          infiniplex_forest_straight_1, infiniplex_forest_lined_4_way,
          infiniplex_forest_split, infiniplex_forest_diagonal,
          infiniplex_forest_end_2, infiniplex_forest_lined_1
D:2:      layout_basic, old_standard_altar, uniq_robin
D:3:      layout_basic
D:4:      layout_cave_pools, minitemple, serial_rivers,
          chequers_serial_rivers_small_a, chequers_serial_rivers_micro_e,
          chequers_serial_rivers_micro_d, chequers_serial_rivers_room_b,
          corexii_leaking_fountain, uniq_blork_the_orc, uniq_duvessa
D:5:      layout_rooms, lightli_corner_chamber
D:6:      layout_layer_cave, temple_pool_b, nicolae_underground_beach
D:7:      minmay_skewed_foursquare, layout_cave_pools, enter_bailey_5,
          serial_park_tiny_pond, uniq_maggie
D:8:      layout_basic
D:9:      layout_loops_corners, orc_david_3, minmay_gold_behind_fungi
D:10:     layout_loops_ring
D:11:     layout_stronghold, lair_entry_dummy, serial_shops,
          nicolae_shop_temple_entry_statues_fountains, uniq_psyche
D:12:     layout_long_grid
D:13:     layout_loops_ring
D:14:     layout_long_grid, erik_vaults_1, nicolae_benzene_ring, uniq_kirke
D:15:     grunt_enter_depths_snipers, layout_irregular_city,
          amcnicky_mini_rare_corridor_liquid, serial_shops,
          nicolae_shop_waterfront, gammafunk_ghost_smash, onia_ninara_cookie,
          uniq_nessos
Lair:1:   layout_big_grid, uniq_joseph
Lair:2:   layout_hall_layers, shoals_dummy_entry, patterned_corridor,
          infiniplex_staircase_pool_2, serial_bayou_shore_a
Lair:3:   layout_chaotic_city, uniq_snorg
Lair:4:   layout_loops_ring, minmay_snake_entry_six_corridors, uniq_sonja,
          uniq_rupert, uniq_urug, uniq_nergalle
Lair:5:   layout_regular_city, portal_ice_cave_entry_pillars_1, tgw_fedhas,
          serial_bayou_shore_b, grunt_megastairs_3, lemuel_fruit_tree
Lair:6:   gammafunk_lair_ancient_temple, layout_cave_pods, slime_dummy,
          st_stairs_5, chequers_serial_rivers_micro_d
Snake:1:  layout_rooms, st_stairs_2, grunt_ministairs_2, drop_trap,
          chequers_hall_statues_wall_a, minmay_shop_star, uniq_louise
Snake:2:  layout_onion
Snake:3:  layout_chambers, nicolae_snake_springs, minmay_shop_grove,
          uniq_vashnia
Orc:1:    orc_temple, layout_diamond_mine
Orc:2:    st_orc_open, layout_caves, basic_altar, guppyfry_orc_lava_fort

Skill      XL: |  1  2  3  4  5  6  7  8  9 10 11 12 13 14 15 16 |
---------------+-------------------------------------------------+-----
Dodging        | 2 3 4 5 6 8 9 10 12 13 14 15 | 15.2
Armour         | 1 2 3 4 5 6 8 10 | 10.9
Fighting       | 4 5 6 7 9 10 11 13 14 15 16 | 16.5
Shields        | 2 5 7 9 11 12 13 | 13.6
Short Blades   | |  1.0
Polearms       | |  1.0
Throwing       | |  1.0
Stealth        | |  1.0
Evocations     | |  1.0

Action                   |  1- 3 |  4- 6 |  7- 9 | 10-12 | 13-15 | 16-18 || total
-------------------------+-------+-------+-------+-------+-------+-------++-------
Melee: Spear             |    95 |       |       |       |       |       ||    95
       Whip              |    27 |   177 |   113 |       |       |       ||   317
       Kick              |       |    40 |    58 |       |   772 |   169 ||  1039
       Lance             |       |       |   282 |   770 |  1468 |   331 ||  2851
       Rapier            |       |       |       |       |    12 |       ||    12
       Falchion          |       |       |       |       |    10 |    14 ||    24
Throw: Dart              |       |     4 |    20 |    24 |    18 |       ||    66
Invok: Call Merchant     |       |       |       |       |     5 |       ||     5
       Potion Petition   |       |       |       |       |     1 |       ||     1
Evoke: Wand              |       |       |     1 |     5 |    36 |    10 ||    52
       Phantom mirror    |       |       |       |     1 |     4 |     1 ||     6
       Phial of floods   |       |       |       |     1 |       |       ||     1
       Lightning rod     |       |       |       |       |       |     2 ||     2
  Use: Potion            |     2 |     3 |       |     6 |     4 |     3 ||    18
       Scroll            |       |    10 |     8 |     2 |     9 |     6 ||    35
 Stab: Sleeping          |     4 |       |     2 |     3 |       |       ||     9
       Distracted        |     1 |       |     2 |     2 |    14 |       ||    19
       Petrified         |       |       |       |     7 |       |       ||     7
       Petrifying        |       |       |       |     1 |       |       ||     1
       Paralysed         |       |       |       |       |     4 |       ||     4
Armor: Robe              |     9 |       |       |       |       |       ||     9
       Ring mail         |    14 |   108 |    98 |   265 |   286 |    61 ||   832
       Skin              |    11 |    24 |       |       |       |       ||    35
       Steam dragon scal |       |       |    49 |       |       |       ||    49
Dodge: Dodged            |    53 |   117 |   260 |   397 |   872 |   217 ||  1916
Block: Kite shield       |       |       |    28 |   532 |  1516 |   163 ||  2239
       Reflection        |       |       |       |     4 |    36 |    61 ||   101
       Tower shield      |       |       |       |       |       |   314 ||   314
       Rpst.: Lance      |       |       |       |    56 |   194 |    39 ||   289
       Rapier            |       |       |       |       |     1 |       ||     1
       Falchion          |       |       |       |       |     4 |     9 ||    13

Table legend: (Time is in decaauts)
 A = Elapsed time spent in this place.
 B = Non-inter-level travel time spent in this place.
 C = Inter-level travel time spent in this place.
 D = Time resting spent in this place.
 E = Time spent auto-exploring this place.
 F = Levels seen in this place.
 G = Mean time per level.
                   A        B        C        D        E       F      G
               +--------+--------+--------+--------+--------+-----+--------+
         Total |  34670 |  33128 |   1542 |   5904 |  20416 |  28 | 1238.2 |
       Dungeon |  19306 |  18266 |   1040 |   3101 |  11729 |  15 | 1287.1 |
          Lair |   7901 |   7566 |    335 |    450 |   5635 |   6 | 1316.8 |
     Snake Pit |   2650 |   2650 |      0 |    796 |   1210 |   3 |  883.3 |
  Orcish Mines |   3702 |   3536 |    166 |   1126 |   1710 |   2 | 1851.0 |
         Abyss |    547 |    547 |      0 |    151 |      0 |   1 |  547.0 |
        Bailey |    562 |    562 |      0 |    280 |    131 |   1 |  562.0 |
               +--------+--------+--------+--------+--------+-----+--------+

Top non-repeatable levels by time:
  Lair:6: 2242 daAuts
   Orc:1: 2124 daAuts
    D:11: 2078 daAuts
    D:15: 2029 daAuts
    D:14: 1846 daAuts
   Orc:2: 1577 daAuts
 Snake:1: 1453 daAuts
     D:9: 1389 daAuts
    D:10: 1308 daAuts
     D:6: 1285 daAuts
     D:1: 1225 daAuts
  Lair:5: 1219 daAuts
  Lair:4: 1203 daAuts
  Lair:3: 1186 daAuts
     D:7: 1177 daAuts
